 Dungeon Crawl Stone Soup version 0.30-a0-629-gd54f4be4f7 (webtiles) character file.

Game seed: 2228099951971589778

871 funkygono the Magician (level 7, -1/47 HPs)
             Began as a Demonspawn Fire Elementalist on Jan 12, 2023.
             Succumbed to Edmund's poison
             ... on level 6 of the Dungeon.
             The game lasted 00:05:35 (3477 turns).

funkygono the Magician (DsFE)                       Turns: 3477, Time: 00:05:36

Health: -1/47      AC:  4    Str:  9    XL:     7   Next: 73%
Magic:  10/15      EV: 14    Int: 18    God:
Gold:   173        SH:  0    Dex: 15    Spells: 10/16 levels left

rFire   . . .      SeeInvis .    s - +8 whip of the Spheres {heavy, rC+ Will+ Dex+2}
rCold   + . .      Faith    .    (no shield)
rNeg    . . .      Spirit   .    a - +0 robe
rPois   .          Reflect  .    (no helmet)
rElec   .          Harm     .    (no cloak)
rCorr   +          Rampage  .    l - +0 pair of gloves
Will    +....                    u - +0 pair of boots
Stlth   ++                       (no amulet)
HPRegen 0.27/turn                j - ring of resist corrosion
MPRegen 0.14/turn                (no ring)

@: lethally poisoned (-1 -> -7)
A: repulsion field 1, demonic magic 1, demonic touch 2
a: no special abilities


You were on level 6 of the Dungeon.
You visited 2 branches of the dungeon, and saw 7 of its levels.

You collected 173 gold pieces.

Inventory:

Hand Weapons
 c - a +0 short sword
 k - a +0 whip
 o - a +0 short sword of draining
 r - a +0 flail of protection
 s - the +8 whip of the Spheres (weapon) {heavy, rC+ Will+ Dex+2}
   (You took it off an orc on level 3 of the Dungeon)

   Dex:       It affects your dexterity (+2).
   rC:        It protects you from cold.
   Will:      It increases your willpower.
Armour
 a - a +0 robe (worn)
 l - a +0 pair of gloves (worn)
 t - a +0 leather armour
 u - a +0 pair of boots (worn)
Magical Staves
 g - a staff of conjuration
Jewellery
 j - a ring of resist corrosion (left hand)
Wands
 p - a wand of quicksilver (4)
Scrolls
 d - 2 scrolls of teleportation {unknown}
 e - 9 scrolls of identify {unknown}
 i - 2 scrolls of fog {unknown}
 m - a scroll of noise {unknown}
 n - a scroll of magic mapping {unknown}
 q - a scroll of fear {unknown}
 v - a scroll of enchant weapon {unknown}
Potions
 f - 2 potions of heal wounds {unknown}
 h - 2 potions of flight {unknown}


   Skills:
 + Level 0.9 Fighting
 + Level 1.5 Maces & Flails
 + Level 2.0 Dodging
 - Level 1.7 Stealth
 + Level 5.4 Spellcasting
 + Level 3.4 Conjurations
 + Level 5.4 Fire Magic


You had 10 spell levels left.
You knew the following spells:

 Your Spells              Type           Power      Damage    Failure   Level
a - Foxfire               Conj/Fire      80%        2x1d8     1%          1
b - Scorch                Fire           48%        2d7       1%          2
c - Kindle Blastsparks    Fire/Tloc/Air  22%        2d11      19%         3

Your spell library contained the following spells:

 Spells                   Type           Power      Damage    Failure   Level
 Magic Dart               Conj           68%        1d6       3%          1
 Static Discharge         Conj/Air       22%        2-3/arc   10%         2
 Inner Flame              Hex/Fire       14%        N/A       13%         3
 Call Imp                 Summ           4%         N/A       19%         2
 Sublimation of Blood     Necr           4%         N/A       19%         2
 Wereblood                Tmut           4%         N/A       19%         2
 Ignite Poison            Fire/Tmut/Pois 11%        N/A       19%         3
 Flame Wave               Conj/Fire      20%        2d7       21%         4
 Mephitic Cloud           Conj/Pois/Air  9%         N/A       24%         3
 Vhi's Electric Charge    Tloc/Air       8%         N/A       36%         3
 Leda's Liquefaction      Hex/Erth       2%         N/A       77%         4
 Arcjolt                  Conj/Air       5%         1d15      87%         5
 Lightning Bolt           Conj/Air       5%         1d17      87%         5
 Freezing Cloud           Conj/Ice/Air   4%         6-21      91%         5
 Lee's Rapid Deconstruct  Erth           2%         3d4*      98%         5
 Statue Form              Tmut/Erth      2%         N/A       100%        6
 Summon Hydra             Summ           2%         N/A       100%        7


Dungeon Overview and Level Annotations

Branches:
Dungeon (7/15)             Temple (1/1) D:6

Altars:
Ashenzari
Cheibriados
Dithmenos
Gozag
Hepliaklqana
Kikubaaqudgha
Makhleb
Nemelex Xobeh
Okawaru
Qazlal
Ru
Sif Muna
Uskayaw
Wu Jian
Xom
Yredelemnul

Shops:
D:3 ?   D:7 =

Annotations:
D:6 Dowan, Edmund


Innate Abilities, Weirdness & Mutations

You are surrounded by a mild repulsion field. (EV +2)
Spells you cast may paralyse adjacent enemies.
Your touch may inflict irresistible damage on your foes.


Message History

Confirm with . or Enter, or press ? or * to list all spells.
Flames lash Edmund.
Edmund is lightly wounded.
Edmund's fire resistance burns away.
Malevolent energies surge around you.
You hear a shout!
Edmund closely misses you.
Casting: Scorch (safe; 1% risk of failure)
Confirm with . or Enter, or press ? or * to list all spells.
Flames lash Edmund.
Edmund is burned terribly!
Edmund is lightly wounded.
Malevolent energies surge around you. Edmund closely misses you.
Magic courses through your body. Edmund barely misses you.
Casting: Scorch (safe; 1% risk of failure)
Confirm with . or Enter, or press ? or * to list all spells.
Flames lash Edmund.
Edmund is burned terribly!
Edmund is moderately wounded.
Malevolent energies surge around you.
Edmund hits you with a +2 flail of venom.
* * * LOW HITPOINT WARNING * * *
You are lethally poisoned!
Casting: Scorch (safe; 1% risk of failure)
Confirm with . or Enter, or press ? or * to list all spells.
Flames lash Edmund.
Edmund is burned terribly!
Edmund is heavily wounded.
Malevolent energies surge around you.
Edmund suddenly stops moving!
* * * LOW HITPOINT WARNING * * *
You feel very sick.
You hear a shout!
Dowan, Brother of Duvessa comes into view.
He is wielding a +0 dagger.
Casting: Scorch (safe; 1% risk of failure)
Confirm with . or Enter, or press ? or * to list all spells.
Flames lash Edmund.
Edmund is heavily wounded.
Malevolent energies surge around you.
* * * LOW HITPOINT WARNING * * *
You feel very sick.
The helpless Edmund fails to defend himself.
You hit Edmund.
Edmund is severely wounded.
You die...

#≈≈≈≈#.#≈≈≈≈#
######.######
#..#
#########.##
...........#
.........>##
........#.#
#######.#.#
#.#@# #.#@#
#†#.#
#.#e######
#.........#
#)†.......#
#.#.####..#
#.#... .#
#...#..


You could see Edmund (paralysed, combustible) and Dowan.

Vanquished Creatures
  Grinder (D:3)
  A black bear (D:6)
  A kobold brigand (D:7)
  2 necrophages
  A scorpion (D:4)
  2 hounds
  An iron imp (D:3)
  Jessica (D:2)
  2 iguanas (D:6)
  An orc wizard (D:3)
  7 adders
  2 worms
  2 dart slugs (D:1)
  10 orcs
  9 endoplasms
  5 goblins
  4 hobgoblins
  3 jackals (D:3)
  4 quokkas
  7 ball pythons
  3 bats (D:1)
  2 frilled lizards (D:1)
  11 kobolds
  6 rats
88 creatures vanquished.

Vanquished Creatures (others)
  230 foxfires
230 creatures vanquished.

Grand Total: 318 creatures vanquished

Notes
Turn   | Place    | Note
-------+----------+-------------------------------------------
     0 | D:1      | funkygono the Demonspawn Fire Elementalist began the quest
                  | for the Orb.
     0 | D:1      | Reached XP level 1. HP: 13/13 MP: 3/3
   190 | D:1      | Gained mutation: You are surrounded by a mild repulsion
                  | field. (EV +2) [demonic ancestry]
   190 | D:1      | Reached XP level 2. HP: 19/19 MP: 3/5
   193 | D:1      | Learned a level 2 spell: Scorch
  1089 | D:2      | Reached XP level 3. HP: 24/24 MP: 2/6
  1244 | D:2      | Noticed Jessica
  1307 | D:2      | Killed Jessica
  1308 | D:2      | Reached XP level 4. HP: 24/30 MP: 2/8
  1839 | D:3      | Learned a level 3 spell: Kindle Blastsparks
  1886 | D:3      | Found a snail-covered altar of Cheibriados.
  2105 | D:3      | Gained mutation: Your touch may inflict minor irresistible
                  | damage on your foes. [demonic ancestry]
  2105 | D:3      | Reached XP level 5. HP: 33/35 MP: 0/10
  2238 | D:3      | Noticed Grinder
  2246 | D:3      | Killed Grinder
  2247 | D:3      | Gained mutation: Your touch may inflict irresistible damage
                  | on your foes. [demonic ancestry]
  2247 | D:3      | Reached XP level 6. HP: 34/42 MP: 2/12
  2354 | D:3      | Identified the +8 whip of the Spheres {heavy, rC+ Will+
                  | Dex+2}
  2482 | D:3      | Found Kixoik's Magic Scroll Shoppe.
  2800 | D:4      | Reached skill level 1 in Maces & Flails
  2904 | D:4      | Gained mutation: Spells you cast may paralyse adjacent
                  | enemies. [demonic ancestry]
  2904 | D:4      | Reached XP level 7. HP: 47/47 MP: 9/13
  3015 | D:4      | You fall into a shaft and drop 3 floors!
  3023 | D:7      | Found Huhetaaj's Jewellery Boutique.
  3232 | D:7      | Reached skill level 5 in Spellcasting
  3232 | D:7      | Reached skill level 5 in Fire Magic
  3367 | D:6      | Found a staircase to the Ecumenical Temple.
  3376 | Temple   | Entered the Ecumenical Temple
  3376 | Temple   | Found a transporter.
  3376 | Temple   | Found a transporter.
  3378 | Temple   | Found a transporter.
  3378 | Temple   | Found a transporter.
  3454 | D:6      | Noticed Edmund
  3475 | D:6      | Noticed Dowan
  3476 | D:6      | HP: 1/47 [poisoned by Edmund]
  3477 | D:6      | Succumbed to Edmund's poison

Illustrated notes

Levels and vault maps discovered:
D:1:      dpeg_arrival_rooms_with_view, layout_basic,
          hangedman_decor_peaks_small, minmay_misc_feat_four_crosses
D:2:      layout_rooms, basic_altar, uniq_jessica
D:3:      layout_basic, slow_altar_1, serial_shops,
          nicolae_shop_window_shopping, uniq_grinder
D:4:      layout_loops_cross, minivault_1
D:6:      layout_basic, lightli_temple_of_fire, minmay_temple_entry_poolview,
          uniq_duvessa, uniq_edmund
D:7:      layout_basic, tso_altar, hellmonk_ghost_happy_afterlife, serial_shops,
          kennysheep_little_box, shop, shop, guppyfry_early_elven_hall,
          uniq_joseph
Temple:   hellmonk_temple_divided_pantheon

Skill      XL: |  1  2  3  4  5  6  7 |
---------------+----------------------+-----
Fire Magic     | 3 4 5 |  5.4
Spellcasting   | 3 4 5 |  5.4
Conjurations   | 2 3 |  3.4
Maces & Flails | 1 |  1.5
Dodging        | 2 |  2.0
Fighting       | |  0.9
Stealth        | |  1.7

Action                   |  1- 3 |  4- 6 |  7- 9 || total
-------------------------+-------+-------+-------++-------
Melee: Whip              |       |    17 |     9 ||    26
       Touch             |       |       |     2 ||     2
 Cast: Foxfire           |    55 |    54 |    22 ||   131
       Scorch            |     5 |    10 |    19 ||    34
  Use: Potion            |       |       |     2 ||     2
 Stab: Paralysed         |       |       |     6 ||     6
Armor: Robe              |     5 |     1 |     1 ||     7
Dodge: Dodged            |    13 |    14 |    20 ||    47

Table legend: (Time is in decaauts)
 A = Elapsed time spent in this place.
 B = Non-inter-level travel time spent in this place.
 C = Inter-level travel time spent in this place.
 D = Time resting spent in this place.
 E = Time spent auto-exploring this place.
 F = Levels seen in this place.
 G = Mean time per level.
                   A        B        C        D        E       F      G
               +--------+--------+--------+--------+--------+-----+--------+
         Total |   3482 |   3391 |     91 |    160 |   2669 |   7 |  497.4 |
       Dungeon |   3436 |   3346 |     90 |    160 |   2668 |   6 |  572.7 |
        Temple |     45 |     45 |      0 |      0 |      1 |   1 |   45.0 |
               +--------+--------+--------+--------+--------+-----+--------+

Top non-repeatable levels by time:
     D:1: 1249 daAuts
     D:3: 986 daAuts
     D:2: 560 daAuts
     D:7: 349 daAuts
     D:4: 219 daAuts
     D:6: 70 daAuts
  Temple: 45 daAuts
